AoeStats
← Maverick

Arena

510935942Analyzed
4v4 RM · 11h ago on Oct 3, 2026· 43m 29s· 8 players
Game mode
Random Map
Map size
Large (8 player)
Population
200
Speed
Normal
Resources
Standard
Victory
Conquest
Starting age
Dark Age
Ending age
Imperial Age
RankedLock teamsTeams togetherTeam positionsShared explorationLock speedFull tech treeHidden civsTurbo modeCheats
Victory
Defeat
🇺🇸 Magyars · United States
1364
+13
🇹🇷 Turks · Türkiye
1358
+14
🇨🇦 Dravidians · Canada
1333
+15
🇯🇵 Spanish · Japan
1300
+16
🇬🇧 Cumans · United Kingdom
1374
-18
🇦🇷 Britons · Argentina
1374
-17
🇺🇸 Persians · United States
1245
-12
🇺🇸 Italians · United States
1223
-11
Maverick
10:24 Feudal Age
14:34 Castle Age
12:49 Double-Bit Axe
13:35 Gold Mining
16:19 Horse Collar
16:46 Loom
20:57 Bow Saw
24:29 Wheelbarrow
28:42 Imperial Age
26:49 Corvinian Army
27:27 Scale Barding Armor
28:40 Chain Barding Armor
29:23 Bloodlines
29:14 Husbandry
29:05 Capped Ram
30:50 Conscription
32:58 Plate Barding Armor
32:25 Stone Mining
33:12 Fletching
33:22 Padded Archer Armor
33:44 Ballistics
35:06 Bodkin Arrow
35:27 Leather Archer Armor
35:48 Parthian Tactics
37:06 Chemistry
36:09 Bracer
36:48 Recurve Bow
36:28 Heavy Cavalry Archer
38:57 Ring Archer Armor
39:34 Thumb Ring
40:22 Heavy Plow
40:29 Elite Magyar Huszar
べにいろもみじ
10:32 Feudal Age
13:16 Loom
15:56 Castle Age
14:55 Horse Collar
15:09 Double-Bit Axe
17:12 Bow Saw
17:04 Heavy Plow
25:23 Wheelbarrow
25:23 Padded Archer Armor
28:18 Hand Cart
32:22 Imperial Age
32:43 Leather Archer Armor
33:03 Husbandry
33:15 Bloodlines
33:37 Conscription
34:05 Ring Archer Armor
34:30 Elite Conquistador
37:24 Light Cavalry
38:23 Scale Barding Armor
38:28 Forging
38:23 Fletching
39:06 Scale Mail Armor
38:28 Pikeman
39:08 Squires
40:48 Bodkin Arrow
40:46 Town Watch
GermanIvk052008
10:03 Feudal Age
13:40 Castle Age
11:58 Double-Bit Axe
12:12 Horse Collar
14:48 Bow Saw
20:34 Loom
21:24 Wheelbarrow
23:13 Gold Mining
23:13 Stone Mining
25:09 Hand Cart
25:00 Fletching
25:10 Padded Archer Armor
28:32 Imperial Age
26:49 Ballistics
26:51 Elite Skirmisher
27:28 Bodkin Arrow
30:13 Chemistry
29:46 Bracer
30:20 Thumb Ring
34:40 Leather Archer Armor
35:48 Conscription
35:35 Medical Corps
35:04 Pikeman
35:44 Squires
35:45 Scale Mail Armor
35:56 Forging
37:39 Two-Man Saw
36:09 Siege Elephant
36:26 Halberdier
38:27 Heavy Plow
40:59 Ring Archer Armor
41:06 Iron Casting
40:46 Chain Mail Armor
42:13 Wootz Steel
43:10 Masonry
Guts
11:34 Feudal Age
15:50 Castle Age
13:53 Double-Bit Axe
16:01 Horse Collar
21:10 Imperial Age
19:26 Bow Saw
20:19 Heavy Plow
25:18 Wheelbarrow
25:42 Padded Archer Armor
27:46 Leather Archer Armor
30:43 Two-Man Saw
30:40 Ring Archer Armor
32:01 Fletching
32:39 Bodkin Arrow
37:20 Scale Barding Armor
37:26 Forging
38:10 Loom
38:30 Heavy Camel Rider
39:22 Bloodlines
39:13 Husbandry
42:18 Chain Barding Armor
44:12 Plate Barding Armor
Flave Tycoon
10:59 Feudal Age
14:41 Castle Age
12:36 Double-Bit Axe
12:33 Horse Collar
22:23 Wheelbarrow
22:21 Bow Saw
23:24 Hand Cart
25:03 Bloodlines
26:15 Scale Barding Armor
26:21 Forging
26:35 Gold Mining
27:49 Chain Barding Armor
27:35 Husbandry
27:54 Light Cavalry
32:14 Imperial Age
32:41 Iron Casting
32:16 Heavy Plow
31:54 Cavalier
33:23 Plate Barding Armor
35:29 Savar
38:42 Blast Furnace
40:41 Conscription
TheGallant"CTH"
7:29 Loom
11:19 Feudal Age
15:30 Castle Age
14:01 Double-Bit Axe
13:58 Horse Collar
14:22 Double-Bit Axe
15:02 Stone Mining
16:44 Horse Collar
17:52 Wheelbarrow
20:02 Hand Cart
21:26 Fletching
24:37 Bodkin Arrow
25:58 Padded Archer Armor
27:23 Ballistics
27:28 Town Watch
28:04 Leather Archer Armor
zeeena
9:50 Feudal Age
10:59 Double-Bit Axe
12:32 Horse Collar
21:03 Castle Age
20:22 Town Watch
21:13 Wheelbarrow
21:24 Gold Mining
21:24 Stone Mining
21:54 Bow Saw
21:45 Heavy Plow
24:22 Gold Shaft Mining
28:31 Imperial Age
26:14 Loom
26:41 Forging
26:37 Scale Barding Armor
28:15 Iron Casting
29:28 Chain Barding Armor
29:25 Bloodlines
28:53 Cavalier
31:10 Blast Furnace
30:01 Fletching
30:11 Padded Archer Armor
31:45 Plate Barding Armor
30:47 Paladin
31:52 Masonry
37:09 Hand Cart
38:00 Two-Man Saw
37:33 Crop Rotation
37:13 Elite Skirmisher
37:58 Thumb Ring
38:14 Fletching
38:24 Padded Archer Armor
38:26 Scale Mail Armor
39:48 Ballistics
40:28 Chemistry
PocaChota
10:18 Feudal Age
10:47 Double-Bit Axe
10:43 Horse Collar
16:11 Castle Age
15:11 Gold Mining
15:12 Stone Mining
17:15 Bow Saw
17:06 Heavy Plow
20:25 Loom
20:23 Treadmill Crane
25:01 Imperial Age
23:49 Wheelbarrow
24:20 Gold Shaft Mining
23:40 Fletching
24:37 Ballistics
24:45 Bodkin Arrow
28:20 Bracer
Connection lost

Rejoining the realm…

Still unreachable

The connection could not be restored.

Session expired

The server has moved on; the page needs a fresh start.